cohdb
Replays
Latest Replays
All Replays
Popular Replays
Top Player Replays
Match Explorer
How It Works
Community
CoH3 Stats
Reddit
Sign in to upload your games and track your stats! →
Sign in with Steam
Top 3v3: Epic Hold the Line and Maneuvering
Match 20688658
Overview
Messages
Build Orders
End
Construct Weapon Support Center
Selects Special Operations Battlegroup
Selects M29 Weasel Recon Vehicle
M29 Weasel Recon Vehicle
M1919 Machine Gun Team
Bazooka Squad
Bazooka Squad
Mechanized Support Center
M1919 Machine Gun Team
M3 75 mm Gun Motor Carriage
Engineer Squad
Engineer Squad
Construct Tank Depot
Bazooka Squad
Selects P-47 Anti-Infantry Loiter
P-47 Anti-Infantry Loiter
M4(105) Sherman Bulldozer
P-47 Anti-Infantry Loiter
Improvised Armor
M16 Multiple Gun Motor Carriage
M18 Hellcat Tank Destroyer
Rearm and Retrofit
Selects M4A1 Sherman Whizbang
M4A1 Sherman Whizbang
P-47 Anti-Infantry Loiter
Selects Raiding Flares
Raiding Flares
M4A1 Sherman Whizbang
P-47 Anti-Infantry Loiter
Engineer Squad
Selects SSF Commando Squad
M4A1 Sherman Whizbang
Raiding Flares
Engineer Squad
Shoulder Guy
Adult Asthma Is A Choice
[EPIC]SAGEKING
WouldULike2BeAPepper2?
WilllTHENOOBz
shockwave
0
0
Comments
sign in to comment!
No comments posted yet!